 Dungeon Crawl Stone Soup version 0.20-a0-1114-g33edf32 (webtiles) character file.

1787 chronologosx the Geomancer (level 9, -2/45 HPs)
             Began as a Gargoyle Earth Elementalist on May 6, 2017.
             Slain by a vampire (6 damage)
             ... on level 9 of the Dungeon.
             The game lasted 00:08:26 (5668 turns).

chronologosx the Geomancer (GrEE)                   Turns: 5668, Time: 00:08:27

Health: -2/45      AC: 10    Str: 16    XL:     9   Next: 8%
Magic:  8/18       EV: 12    Int: 20    God:
Gold:   331        SH:  3    Dex: 10    Spells: 11/20 levels left

rFire    + . .     SeeInvis .   L - +3 quarterstaff (chaos)
rCold    x . .     Gourm    .   (shield currently unavailable)
rNeg     + . .     Faith    .   c - +0 robe
rPois    ∞         Spirit   .   M - +1 helmet
rElec    +         Reflect  +   (no cloak)
rCorr    .         Harm     .   F - +0 pair of gloves
MR       +....                  (no boots)
Stlth    ++........             x - +3 amulet of reflection
Regen    0.2/turn               f - ring of fire
MPRegen  0.2/turn               v - ring of protection from magic

@: mighty
A: negative energy resistance 1, electricity resistance, unbreathing,
petrification resistance, rot immunity, AC +5
a: no special abilities


You were on level 9 of the Dungeon.
You were hungry.

You visited 1 branch of the dungeon, and saw 7 of its levels.

You collected 331 gold pieces.

Inventory:

Hand Weapons
 L - a +3 quarterstaff of chaos (weapon)
Missiles
 b - 161 stones (quivered)
 o - 8 javelins
Armour
 c - a +0 robe (worn)
 F - a +0 pair of gloves (worn)
 M - a +1 helmet (worn)
Jewellery
 f - a ring of fire (left hand)
 g - an uncursed ring of flight
 v - a ring of protection from magic (right hand)
 x - a +3 amulet of reflection (around neck)
 A - an uncursed amulet of rage
 G - a +2 ring of dexterity
Wands
 B - a wand of random effects (31/48)
 D - a wand of flame (20/48)
 E - a wand of flame (22/48)
Scrolls
 h - 3 scrolls of teleportation {unknown}
 i - 3 scrolls of enchant armour {unknown}
 j - 3 scrolls of amnesia {unknown}
 m - 7 scrolls of remove curse {unknown}
 p - a scroll of blinking {unknown}
 r - 2 scrolls of random uselessness {unknown}
 u - 2 scrolls of identify {unknown}
 y - a scroll of fear {unknown}
 C - a scroll of immolation {unknown}
 H - a scroll of fog {unknown}
 N - a scroll of enchant weapon {unknown}
Potions
 a - 2 potions of might
 k - 2 potions of ambrosia {unknown}
 q - a potion of lignification {unknown}
 t - a potion of heal wounds
 w - a potion of magic {unknown}
 z - a potion of brilliance {unknown}
 I - 2 potions of flight {unknown}
 J - 2 potions of curing {unknown}
 K - a potion of mutation {unknown}
Books
 e - a book of Geomancy

   Spells                             Type                      Level
   a - Sandblast                      Earth                        1
   b - Passwall                       Transmutation/Earth          2
   c - Stone Arrow                    Conjuration/Earth            3
   d - Petrify                        Transmutation/Earth          4
   e - Lee's Rapid Deconstruction     Earth                        5
Comestibles
 d - 7 bread rations
 l - 3 royal jellies
 n - 4 meat rations
 s - 6 fruits


   Skills:
 - Level 1.5 Dodging
 - Level 2.1 Stealth
 + Level 6.3 Spellcasting
   Level 0.7 Transmutations
 * Level 11.5 Earth Magic


You had 11 spell levels left.
You knew the following spells:

 Your Spells              Type           Power        Failure   Level  Hunger
a - Sandblast             Erth           ######       1%          1    None
b - Stone Arrow           Conj/Erth      ####..       2%          3    ##.....
c - Lee's Rapid Deconstr  Erth           ######....   2%          5    #####..


Dungeon Overview and Level Annotations

Branches:
Dungeon (6/15)
 Temple: D:4-7

Altars:
Gozag
Nemelex Xobeh
Okawaru
Qazlal
Sif Muna
Xom
Zin
The Shining One

Annotations:
D:2 Terence
D:6 Axe's ghost, novice HuFi


Innate Abilities, Weirdness & Mutations

You are resistant to torment.
Your stone body is resilient. (AC +5)
You are immune to poison.
You resist negative energy. (rN+)
You are resistant to electric shocks. (rElec)
You can survive without breathing.
You are immune to petrification.
You are immune to rotting.


Message History

The vampire is moderately damaged.
b - 162 stones The centaur shouts!
The centaur wields a shortbow.
The centaur shoots an arrow.
The arrow hits you.
Casting: Sandblast
Confirm with . or Enter, or press ? or * to list all spells.
Aiming: Sandblast
Press: ? - help, Shift-Dir - straight line, f/p - vampire
Aim: a vampire (moderately damaged)
The blast of sand hits the vampire.
The vampire is heavily damaged.
b - 161 stones The centaur shoots an arrow.
The arrow hits you! The vampire hits you!
* * * LOW HITPOINT WARNING * * *
The vampire barely misses you.
The centaur shoots an arrow.
The arrow hits you but does no damage.
You thump the vampire! You freeze the vampire.
The vampire is almost destroyed.
The centaur moves out of view.
The vampire hits you.
You die...

....##.#.##.(####
.................
#..%........
#.)###.##### ##.#
# #.# #.# #V# #@#
.i......#
##.######


You could see a vampire and a spriggan baker (wandering).

Vanquished Creatures
  A hippogriff (D:9)
  Grinder (D:3)
  Sigmund (D:3)
  A steam dragon (D:9)
  5 ogres
  2 centaurs
  A bullfrog (D:9)
  A crimson imp (D:5)
  An orc priest (D:5)
  Crazy Yiuf (D:4)
  An iguana (D:9)
  4 worker ants
  An orc wizard (D:4)
  A worker ant zombie (D:5)
  7 gnolls
  5 adders
  2 shadow imps
  An ooze (D:5)
  3 worms (D:2)
  A leopard gecko (D:2)
  11 orcs
  2 ball pythons
  8 giant cockroaches
  8 goblins
  11 hobgoblins
  A jackal (D:2)
  3 quokkas
  9 bats
  3 frilled lizards
  A jackal zombie (D:5)
  5 kobolds
  4 rats
107 creatures vanquished.

Notes
Turn   | Place    | Note
-------+----------+-------------------------------------------
     0 | D:1      | chronologosx the Gargoyle Earth Elementalist began the quest for the Orb.
     0 | D:1      | Reached XP level 1. HP: 10/10 MP: 3/3
   175 | D:1      | Reached XP level 2. HP: 14/15 MP: 5/5
   196 | D:1      | Reached skill level 4 in Earth Magic
   977 | D:1      | Reached XP level 3. HP: 12/19 MP: 4/6
  1395 | D:2      | Found a glowing golden altar of the Shining One.
  1845 | D:2      | Reached skill level 5 in Earth Magic
  2038 | D:2      | Learned a level 3 spell: Stone Arrow
  2131 | D:2      | Reached XP level 4. HP: 24/24 MP: 1/8
  2230 | D:2      | Noticed Terence
  2519 | D:3      | Noticed Grinder
  2541 | D:3      | Killed Grinder
  2541 | D:3      | Reached skill level 6 in Earth Magic
  2541 | D:3      | Reached XP level 5. HP: 22/28 MP: 0/10
  2541 | D:3      | Reached XP level 6. HP: 26/32 MP: 0/11
  2652 | D:3      | Found a deep blue altar of Sif Muna.
  2850 | D:3      | Found a glowing silver altar of Zin.
  2850 | D:3      | Noticed an angel
  2852 | D:3      | Found a shimmering altar of Xom.
  2904 | D:3      | Reached skill level 7 in Earth Magic
  3262 | D:3      | Noticed Sigmund
  3269 | D:3      | Killed Sigmund
  3269 | D:3      | Reached XP level 7. HP: 21/36 MP: 7/13
  3426 | D:4      | Reached skill level 8 in Earth Magic
  3648 | D:4      | Reached skill level 9 in Earth Magic
  3735 | D:4      | Found an iron altar of Okawaru.
  3783 | D:5      | Entered Level 5 of the Dungeon
  3813 | D:5      | Reached skill level 5 in Spellcasting
  3813 | D:5      | Reached XP level 8. HP: 25/41 MP: 1/15
  3854 | D:5      | Learned a level 5 spell: Lee's Rapid Deconstruction
  4218 | D:4      | Found a sparkling altar of Nemelex Xobeh.
  4219 | D:4      | Found an opulent altar of Gozag.
  4365 | D:4      | Found a runed door.
  4429 | D:4      | Noticed Crazy Yiuf
  4433 | D:4      | Killed Crazy Yiuf
  4433 | D:4      | Reached skill level 10 in Earth Magic
  4562 | D:5      | Found a glowing golden altar of the Shining One.
  5269 | D:5      | Found a stormy altar of Qazlal.
  5527 | D:6      | Noticed Axe's ghost (novice HuFi)
  5533 | D:6      | You fall through a shaft for 3 floors!
  5616 | D:9      | Noticed a hippogriff
  5627 | D:9      | Killed a hippogriff
  5627 | D:9      | Reached skill level 11 in Earth Magic
  5639 | D:9      | HP: 1/41 [steam dragon (3)]
  5641 | D:9      | Reached XP level 9. HP: 2/45 MP: 6/18
  5668 | D:9      | Slain by a vampire

Vault maps used:
D:1:      minmay_arrival_stone_box, minmay_misc_feat_alley
D:2:      serial_bayou_ford_a, hex_tiny, tso_metal_star, uniq_terence
D:3:      grunt_temple_overflow_order_and_chaos_1,
          nicolae_overflow_crystal_walls, uniq_sigmund, uniq_grinder
D:4:      grunt_temple_overflow_opulence, first_bread, okawaru_trees_2,
          uniq_crazy_yiuf_cottage
D:5:      kennysheep_mini, basic_altar
D:6:      overflow_temple_1_default, lemuel_crystal_altar, basic_altar,
          uniq_pikel, uniq_prince_ribbit1
D:9:      hiddenorc2_lemuel, the_bakery

Skill      XL: |  1  2  3  4  5  6  7  8 |
---------------+-------------------------+-----
Earth Magic    | 4 5 6 7 9 11 | 11.5
Spellcasting   | 3 4 5 6 |  6.3
Dodging        | |  1.5
Stealth        | |  2.1
Transmutations | |  0.7

Action                   |  1- 3 |  4- 6 |  7- 9 || total
-------------------------+-------+-------+-------++-------
Melee: Club              |   108 |    84 |    41 ||   233
       Unarmed           |     3 |       |       ||     3
       Quarterstaff      |       |       |    43 ||    43
 Cast: Sandblast         |    38 |    32 |    39 ||   109
       Stone Arrow       |       |     4 |    26 ||    30
       Lee's Rapid Decon |       |       |     2 ||     2
  Use: Potion            |       |       |     2 ||     2
 Stab: Sleeping          |       |     1 |       ||     1
       Paralysed         |       |       |     2 ||     2
  Eat: Chunk             |     4 |     4 |    10 ||    18
Armor: Robe              |    56 |    50 |    43 ||   149
Dodge: Dodged            |   105 |    79 |    78 ||   262
Block: Other             |       |     4 |    17 ||    21
